 Dungeon Crawl Stone Soup version 0.18.0-1-g0107ab7 (webtiles) character file.

113 varam the Poker (level 4, -1/37 HPs)
             Began as a Centaur Gladiator on May 5, 2016.
             Killed from afar by an orc wizard (2 damage)
             ... with a puff of flame
             ... on level 3 of the Dungeon.
             The game lasted 00:10:29 (2126 turns).

varam the Poker (Centaur Gladiator)                 Turns: 2126, Time: 00:10:30

Health: -1/37      AC:  7    Str: 18    XL:     4   Next: 65%
Magic:  4/4        EV:  9    Int:  7    God:
Gold:   133        SH:  0    Dex: 10    Spells: 0 memorised, 3 levels left

rFire  . . .     SeeInvis .     a - +0 trident
rCold  . . .     Gourm    .     u - +0 ring mail
rNeg   . . .     Faith    .     (no shield)
rPois  .         Spirit   .     c - +0 helmet
rElec  .         Dismiss  .     o - +0 cloak
rCorr  .         Reflect  .     (no gloves)
SustAt .         Harm     .     (no barding)
MR     .....                    z - amulet of inaccuracy (curse)
Stlth  ..........               (no ring)
                                (no ring)

@: very quick, not resistant to hostile enchantments, extremely unstealthy
A: hooves 3, deformed body, speed 2, tough skin 3
a: no special abilities


You were on level 3 of the Dungeon.
You were not hungry.

You visited 1 branch of the dungeon, and saw 3 of its levels.

You collected 133 gold pieces.

Inventory:

Hand Weapons
 a - a +0 trident (weapon)
 A - a +0 glaive
Missiles
 j - 7 tomahawks
 l - 70 stones (quivered)
 n - 2 throwing nets
Armour
 b - a +0 leather armour
 c - a +0 helmet (worn)
 o - a +0 cloak (worn)
 u - a +0 ring mail (worn)
Jewellery
 z - a cursed amulet of inaccuracy (around neck)
Scrolls
 h - a scroll of remove curse {unknown}
 m - a scroll of teleportation
 p - 2 scrolls of identify
Potions
 e - a potion of flight {unknown}
 i - 2 potions of curing {unknown}
 q - a potion of degeneration {unknown}
 s - 3 potions of haste {unknown}
 t - a potion of ambrosia {unknown}
 v - a potion of agility {unknown}
 w - 2 potions of berserk rage {unknown}
Comestibles
 d - 2 chunks of flesh
 f - a bread ration
 g - a beef jerky
 k - a meat ration


   Skills:
 - Level 2.4 Fighting
 + Level 3.7 Polearms
 + Level 3.5 Throwing
 - Level 2.5 Dodging


You had 3 spell levels left.
You didn't know any spells.

Dungeon Overview and Level Annotations

Branches:
Dungeon (3/15)

Altars:
Pakellas
Ru


Innate Abilities, Weirdness & Mutations

You have hooves in place of feet.
Armour fits poorly on your strangely shaped body.
You cover ground very quickly.
You have extremely tough skin (AC +3).


Message History

Something hits you but does no damage. Something hits you.
* * * LOW HITPOINT WARNING * * *
You miss something. Something hits you but does no damage. Something hits you.
* * * LOW HITPOINT WARNING * * *
You miss something. Something hits you but does no damage.
You miss something.
Something hits you but does no damage. x2
You barely miss something. You kick something.
You hear some strange, mumbled words.
A puff of frost appears from out of thin air!
The puff of frost hits you!
* * * LOW HITPOINT WARNING * * *
You hear some strange, mumbled words.
A puff of flame appears from out of thin air!
The puff of flame misses you.
You completely miss something. You barely miss something.
You hear some strange, mumbled words.
A puff of flame appears from out of thin air!
The puff of flame hits you!
You die...

#..# #..######.
#......... ##h######. #.#
#h# #.# #.. #.######.##
##..{@.....#
##.#.#####..####
#######.###.##.......#
#......## ##.........# #
#.#####.###..#.......##.#
##.#.#............#
##.####.).....#### #.#
#.......# #.####.......#


There were no monsters in sight!

Vanquished Creatures
  Crazy Yiuf (D:2)
  An adder (D:2)
  2 oozes (D:1)
  A worm (D:2)
  A dart slug (D:1)
  A giant gecko (D:1)
  3 orcs
  5 bats
  2 giant cockroaches
  11 goblins
  7 hobgoblins
  6 jackals
  3 giant newts
  6 kobolds
  4 rats
  A fungus (D:2)
55 creatures vanquished.

Vanquished Creatures (others)
  A lightning spire (D:2)
1 creature vanquished.

Grand Total: 56 creatures vanquished

Notes
Turn   | Place    | Note
--------------------------------------------------------------
     0 | D:1      | varam the Centaur Gladiator began the quest for the Orb.
     0 | D:1      | Reached XP level 1. HP: 17/17 MP: 1/1
   131 | D:1      | Reached XP level 2. HP: 24/24 MP: 2/2
   429 | D:1      | Reached XP level 3. HP: 26/30 MP: 3/3
  1417 | D:2      | Found a sacrificial altar of Ru.
  1610 | D:2      | Reached XP level 4. HP: 29/37 MP: 4/4
  1733 | D:2      | Found an oddly glowing altar of Pakellas.
  1734 | D:2      | Noticed a deep elf annihilator
  1799 | D:2      | Noticed Crazy Yiuf
  1809 | D:2      | Killed Crazy Yiuf
  2124 | D:3      | HP: 1/37 [something/puff of frost (6)]
  2126 | D:3      | Killed from afar by an orc wizard

Skill      XL: |  1  2  3 |
---------------+----------+-----
Polearms       | 3 |  3.7
Throwing       | 3 |  3.5
Fighting       | |  2.4
Dodging        | |  2.5

Action                   |  1- 3 |  4- 6 || total
-------------------------+-------+-------++-------
Melee: Trident           |   124 |    73 ||   197
       Kick              |    16 |    14 ||    30
       Glaive            |    14 |     2 ||    16
Throw: Throwing net      |     4 |     3 ||     7
       Stone             |    20 |    18 ||    38
       Tomahawk          |       |     4 ||     4
  Use: Scroll            |     7 |       ||     7
 Stab: Held in net/web   |     2 |       ||     2
  Eat: Chunk             |     1 |     2 ||     3
Armor: Leather armour    |    27 |       ||    27
       Ring mail         |    12 |    33 ||    45
Dodge: Dodged            |    64 |    25 ||    89
